 Dungeon Crawl Stone Soup version 0.23.0-3-gf3c87f2 (webtiles) character file.

Game seed: 3136355024975123487

720 MalarOregon the Poker (level 7, -11/54 HPs)
             Began as a Merfolk Skald on Feb 23, 2019.
             Killed by divine providence
             ... invoked by an orc priest
              (13 damage)
             ... on level 4 of the Dungeon.
             The game lasted 00:09:02 (4672 turns).

MalarOregon the Poker (Merfolk Skald)               Turns: 4672, Time: 00:09:03

Health: -11/54     AC:  6    Str: 11    XL:     7   Next: 70%
Magic:  1/12       EV: 14    Int: 14    God:
Gold:   147        SH:  4    Dex: 14    Spells: 6/12 levels left

rFire    . . .     SeeInvis .   a - +0 spear (venom)
rCold    . . .     Gourm    .   n - +0 buckler
rNeg     . . .     Faith    .   b - +1 leather armour
rPois    .         Spirit   .   l - +0 helmet
rElec    .         Reflect  .   (no cloak)
rCorr    .         Harm     .   i - +0 pair of gloves
MR       .....                  (no boots)
Stlth    +.........             (no amulet)
HPRegen  0.18/turn              (no ring)
MPRegen  0.13/turn              (no ring)

@: lethally poisoned (-11 -> -12), very slightly contaminated
A: change form in water, swift swim, stealthy swim
a: no special abilities


You were on level 4 of the Dungeon.
You were not hungry.

You visited 1 branch of the dungeon, and saw 4 of its levels.

You collected 147 gold pieces.

Inventory:

Hand Weapons
 a - a +0 spear of venom (weapon)
   (You found it on level 1 of the Dungeon)
Armour
 b - a +1 leather armour (worn)
 i - a +0 pair of gloves (worn)
   (You found it on level 1 of the Dungeon)
 l - a +0 helmet (worn)
   (You found it on level 3 of the Dungeon)
 n - a +0 buckler (worn)
   (You found it on level 2 of the Dungeon)
 o - a +0 chain mail of fire resistance
   (You found it on level 3 of the Dungeon)
Magical Staves
 y - an uncursed staff of cold {unknown}
   (You found it on level 4 of the Dungeon)
Jewellery
 d - an uncursed ring of stealth {unknown}
   (You found it on level 1 of the Dungeon)
 g - an uncursed ring of magical power {unknown}
   (You found it on level 1 of the Dungeon)
 k - an uncursed ring of protection from cold {unknown}
   (You found it on level 2 of the Dungeon)
 p - an uncursed ring of ice
   (You took it off an orc on level 3 of the Dungeon)
Wands
 c - a wand of enslavement (3)
   (You took it off Ijyb on level 3 of the Dungeon)
 t - a wand of flame (31)
   (You found it on level 3 of the Dungeon)
Scrolls
 h - a scroll of remove curse {@r2}
 m - 2 scrolls of enchant armour
 q - 2 scrolls of teleportation {@r4}
 u - 2 scrolls of identify {unknown}
Potions
 f - 2 potions of lignification {unknown}
 r - a potion of flight
 s - a potion of haste {@q3}
 w - a potion of heal wounds {unknown}
 x - a potion of brilliance
 z - a potion of invisibility {unknown}
Comestibles
 e - 11 rations {!d}
 v - 3 chunks of flesh


   Skills:
 + Level 4.0 Fighting
 + Level 5.3 Polearms
 + Level 2.3 Armour
 + Level 4.8 Dodging
 + Level 2.3 Shields
 + Level 3.3 Spellcasting
 + Level 4.8 Charms


You had 6 spell levels left.
You knew the following spells:

 Your Spells              Type           Power        Failure   Level  Hunger
e - Regeneration          Chrm/Necr      #.........   36%         3    ###....
t - Spectral Weapon       Hex/Chrm       #.......     36%         3    ###....

Your spell library contained the following spells:

 Spells                   Type           Power        Failure   Level  Hunger
 Infusion                 Chrm           ###.         4%          1    #......
 Song of Slaying          Chrm           ###.....     7%          2    ##.....
 Shroud of Golubria       Chrm/Tloc      #.........   19%         2    ##.....


Dungeon Overview and Level Annotations

Branches:
Dungeon (4/15)
 Temple: D:4-7

Altars:
Xom


Message History

The worker ant barely misses you. The orc priest misses you.
The orc closely misses you.
You barely miss the worker ant.
The orc wizard casts a spell.
The orc wizard flickers and vanishes!
Deactivating autopickup; reactivate with Ctrl-A.
You block the orc's attack. The worker ant bites you.
* * * LOW HITPOINT WARNING * * *
You are poisoned.
The worker ant poisons you!
You feel sick.
Reactivating autopickup.
Your Fighting skill increases to level 4!
You feel a bit more experienced. The orc priest hits you.
* * * LOW HITPOINT WARNING * * *
Unknown command.
Unknown command.
You feel sick.
Unknown command.
You hit the worker ant.
The worker ant is poisoned.
The worker ant closely misses you. The orc priest hits you.
* * * LOW HITPOINT WARNING * * *
The worker ant bites you.
* * * LOW HITPOINT WARNING * * *
Your skin crawls.
The worker ant misses you. The orc priest closely misses you.
You feel sick.
You hit the orc priest but do no damage.
The worker ant barely misses you.
Unknown command.
You kill the worker ant!
The orc priest hits you.
* * * LOW HITPOINT WARNING * * *
Your skin is crawling a little less now.
You feel sick.
You miscast Regeneration.
You are very lightly contaminated with residual magic.
Waves of light ripple over your body.
Your skin stops crawling.
You miscast Regeneration.
Waves of light ripple over your body.
You feel sick. The orc priest hits you.
* * * LOW HITPOINT WARNING * * *
You miscast Regeneration.
Strange energies run through your body.
The orc priest looks more healthy.
The orc priest hits you.
* * * LOW HITPOINT WARNING * * *
As you read the scroll labeled TONAEKEVVU, it crumbles to dust.
You hear a loud clanging noise!
It was a scroll of noise.
The orc priest mumbles some strange prayers to Beogh against you.
Beogh smites you!
You die...

#....)...........#########
#######.....(....##.....#
#.........)##.....#
#........#)##.....#
#####.....####.##.....#
#..[...........#......#
###.o.#o..............#
##..o#...........##.###
#..#.#@................
#.#..o###........##....
#.....# #.......###....
###...# #.......# #....
#...# ######### #....
#...### #.... #.....#
#####.... #.....#
#........ #.....#
#........


You could see an orc priest and an orc.

Vanquished Creatures
  Menkaure (D:4)
  Duvessa (D:4)
  Dowan (D:4)
  A hound (D:4)
  2 orc wizards
  Ijyb (D:3)
  An iguana (D:4)
  Natasha (thrice) (D:4)
  3 worker ants (D:4)
  3 adders
  An ooze (D:4)
  2 worms
  3 dart slugs (D:1)
  5 leopard geckos
  12 orcs
  2 giant cockroaches
  13 goblins
  9 hobgoblins
  3 jackals (D:3)
  6 kobolds
  3 quokkas
  A ball python skeleton (D:3)
  14 bats
  8 frilled lizards
  A leopard gecko skeleton (D:4)
  A quokka skeleton (D:4)
  7 rats
108 creatures vanquished.

Notes
Turn   | Place    | Note
-------+----------+-------------------------------------------
     0 | D:1      | MalarOregon the Merfolk Skald began the quest for the Orb.
     0 | D:1      | Reached XP level 1. HP: 16/16 MP: 3/3
     7 | D:1      | Noticed an electric eel
   156 | D:1      | Reached XP level 2. HP: 16/22 MP: 5/5
   461 | D:1      | Reached skill level 1 in Armour
   492 | D:1      | Reached XP level 3. HP: 28/28 MP: 6/6
  1224 | D:2      | Reached XP level 4. HP: 27/34 MP: 7/7
  1384 | D:2      | Found a shimmering altar of Xom.
  1741 | D:1      | Learned a level 3 spell: Regeneration
  1745 | D:1      | Learned a level 3 spell: Spectral Weapon
  2625 | D:3      | Reached skill level 4 in Polearms
  2826 | D:3      | Reached XP level 5. HP: 38/40 MP: 8/8
  3301 | D:4      | Found a shimmering altar of Xom.
  3308 | D:4      | Noticed Dowan
  3308 | D:4      | Noticed Menkaure
  3324 | D:3      | Noticed Ijyb
  3626 | D:4      | Reached skill level 1 in Shields
  3626 | D:4      | Reached XP level 6. HP: 32/47 MP: 10/10
  3740 | D:3      | Killed Ijyb
  3817 | D:4      | Noticed Duvessa
  3826 | D:4      | Noticed Natasha
  3831 | D:4      | Killed Duvessa
  4118 | D:4      | Killed Natasha
  4214 | D:4      | Reached XP level 7. HP: 49/52 MP: 11/11
  4228 | D:4      | Noticed Natasha
  4250 | D:4      | Killed Natasha
  4309 | D:4      | Killed Menkaure
  4309 | D:4      | Reached skill level 5 in Polearms
  4355 | D:4      | Noticed Natasha
  4364 | D:4      | Killed Natasha
  4501 | D:4      | Killed Dowan
  4659 | D:4      | HP: 1/54 [worker ant (5)]
  4671 | D:4      | HP: 1/54 [orc priest (3)]
  4672 | D:4      | Killed from afar by an orc priest

Skill      XL: |  1  2  3  4  5  6  7 |
---------------+----------------------+-----
Dodging        | 3 4 |  4.8
Armour         | 1 2 |  2.3
Polearms       | 4 5 |  5.3
Fighting       | 3 4 |  4.0
Charms         | 4 |  4.8
Shields        | 1 2 |  2.3
Spellcasting   | 3 |  3.3

Action                   |  1- 3 |  4- 6 |  7- 9 || total
-------------------------+-------+-------+-------++-------
Melee: Spear             |   167 |   275 |    71 ||   513
 Cast: Regeneration      |       |     1 |     2 ||     3
       Spectral Weapon   |       |       |     1 ||     1
  Use: Potion            |     1 |     3 |     1 ||     5
       Scroll            |       |     5 |     1 ||     6
 Stab: Sleeping          |       |     2 |       ||     2
       Distracted        |       |       |     1 ||     1
  Eat: Chunk             |     1 |    10 |     2 ||    13
Armor: Leather armour    |    30 |    44 |    11 ||    85
Dodge: Dodged            |    85 |   104 |    34 ||   223
Block: Buckler           |       |    21 |    13 ||    34
